Unix xNetHack Version 7.1.0 - last build Aug 24 2022 01:07:05 (1fa1f62cd5ceb2637dd02cb5911b63b761633c84). Game began 2022-08-30 06:54:03, ended 2022-09-04 17:41:23. mobileuser, neutral male human Tourist ----- |... AA --------- --.A--------- --.......-- --...|.......| --.........---.A.@|.......| |......tzPc.@%@@..-..@@...| --......%..---....|.......| --..%))..-- --...|.......| ----|---- --@.--------- -------)).------ |..A |..%...........| ----- --..[...........| --...%...........| -................| ........................| -------------------------- Mobileuser the Journeyer St:25 Dx:18 Co:18 In:16 Wi:17 Ch:18 Neutral S:1110612 Astral Plane $:0 HP:297(310) Pw:94(94) AC:-36 Xp:21/185749 T:45919 Latest messages: You were wearing a blessed indestructible ring of conflict (on right hand) {3}. The Angel of Blind Io swings her long sword. Your Hawaiian shirt blocks the Angel of Blind Io's attack. The Angel of Blind Io swings her long sword. The Angel of Blind Io misses! The Angel of Blind Io misses! The Angel of Blind Io casts a spell at you! You are hit by a shower of missiles! Some missiles bounce off! The renegade priest of The Lady picks up a silver mace. Where do you want to jump? (For instructions type a '?') You hear a distant zap. The renegade priest of The Lady picks up a plastic robe. There is a high altar to The Lady (neutral) here. The ice-cold blade hits the Angel of Blind Io. The fiery blade burns the Angel of Blind Io! Mike the Roamer zaps a wand of striking! Boing! The Angel of Blind Io swings her long sword. The Angel of Blind Io gashes you! The Angel of Blind Io swings her long sword. The Angel of Blind Io gashes you! The Angel of Blind Io punches you! The Angel of Blind Io casts a spell at you! You are hit by a shower of missiles! Some missiles bounce off! The renegade priest of The Lady removes a tattered cape and puts on a plastic robe. The renegade priest of The Lady picks up a stone small shield. The ice-cold blade hits the Angel of Blind Io. The fiery blade burns the Angel of Blind Io! The ice-cold blade hits the Angel of Blind Io. The fiery blade burns the Angel of Blind Io! You kill the Angel of Blind Io! The renegade priest of The Lady removes a small shield and puts on a stone small shield. The renegade priest of The Lady picks up a long sword. The renegade priest of The Lady picks up a wand of fire. There is a high altar to The Lady (neutral) here. What do you want to sacrifice? [P or ?*] P You offer the Amulet of Yendor to The Lady... An invisible choir sings, and you are bathed in radiance... The voice of The Lady booms out: "Mortal, thou hast done well!" "In return for thy service, I grant thee the gift of Immortality!" You ascend to the status of Demigod... Do you want your possessions identified? [ynq] (y) y Do you want to see your attributes? [ynq] (y) y Do you want an account of creatures vanquished? [ynaq] (y) y Do you want a list of species genocided and extinct? [ynq] (y) y Do you want to see your conduct and achievements? [ynq] (y) y Do you want to see the dungeon overview? [ynq] (y) y Major events: Turn 1: mobileuser the neutral male human Tourist entered the dungeon 458: attained the rank of Sightseer (level 3) 1971: entered the Gnomish Mines 3210: entered Sokoban 3643: completed sokoban 1 4481: completed sokoban 2 5022: attained the rank of Excursionist (level 6) 5589: completed sokoban 3 6611: completed sokoban 4 7017: destroyed the invisible zoya's ghost, the former Novice 8821: bestowed with Giantslayer by The Lady 10208: reached Mine Town 11633: read a Discworld novel 12010: made his first wish - "blessed greased gray dragon scales" 12967: acquired the Sokoban bag of holding 15184: acquired the Mines' End luckstone 15803: attained the rank of Peregrinator (level 10) 19718: entered the Bigroom 22903: bestowed with Trollsbane by The Lady 25449: became The Lady's Envoy of Balance 25449: bestowed with Vorpal Blade 26918: chose a runed dagger to be named "Sting" 28246: attained the rank of Traveler (level 14) 31017: found the Platinum Yendorian Express Card on the floor 31080: killed the Master of Thieves 31081: acquired the Bell of Opening 33139: killed Croesus 34212: attained the rank of Journeyer (level 18) 34386: bestowed with Mjollnir by The Lady 37062: killed Medusa 37315: bestowed with Fire Brand by The Lady 37624: performed his first genocide (class L) 37624: genocided class U 38555: entered Gehennom 38799: wished for "blessed fixed +2 speed boots" 38800: wished for "magic marker" 39011: bestowed with Frost Brand by The Lady 40329: found Ogresmasher on the floor 40404: killed Asmodeus 40823: killed Juiblex 40930: genocided disenchanters 41109: killed Baalzebub 42378: killed Orcus 42490: destroyed Vlad the Impaler 42503: acquired the Candelabrum of Invocation 42516: made his first artifact wish - "blessed fixed +2 Magicbane" 43969: wished for "magic marker" 43984: genocided shocking spheres 44474: killed the Wizard of Yendor 44480: acquired the Book of the Dead 44499: performed the invocation 44556: wished for "blessed fixed ring of conflict" 44596: killed the Wizard of Yendor (for the 2nd time; on level 45, Gehennom) 44624: killed the high priestess of Moloch 44625: acquired The Amulet of Yendor 45615: entered the Elemental Planes 45615: entered Plane of Earth 45617: killed the invisible Wizard of Yendor (for the 3rd time; on the Plane of Earth) 45689: entered Plane of Air 45745: entered Plane of Fire 45801: entered Plane of Water 45802: genocided class ; 45875: entered the Astral Plane 45901: killed Pestilence 45905: killed Pestilence (for the 2nd time) 45919: ascended Inventory: Inventory: 907/1000 weight (31/52 slots) Amulets K - a blessed iron amulet of flying {22} T - an uncursed silver amulet of life saving (being worn) {25} Weapons t - 22 blessed +2 darts (at the ready) {22} A - the blessed +3 Magicbane {10} F - the blessed rustproof +6 Fire Brand (wielded in left hand) {30} a - the blessed rustproof +7 Frost Brand (wielded in right hand) {30} Armor O - a blessed rustproof +4 helm of telepathy (being worn) {38} x - a blessed rustproof +4 pair of gauntlets of power (being worn) {23} d - a blessed fireproof +3 pair of cloth jumping boots (being worn) {10} e - a blessed fireproof +2 pair of speed boots {20} C - a blessed greased fireproof +5 cloak of protection (being worn) {8} g - a blessed +5 Hawaiian shirt with a hula dancer motif (being worn) {4} V - a blessed silver-scaled +4 mithril ring mail (being worn) {117} Comestibles l - an uncursed lizard corpse {10} Rings I - a blessed indestructible ring of conflict {3} n - an uncursed ring of free action (on left hand) {3} j - an uncursed ring of warning {3} Wands G - a wand of death named The Wand Of Orcus (1:4) {7} o - a wand of digging (0:5) {7} X - a wand of speed monster (0:6) {7} c - a wand of teleportation (0:5) {7} h - a wand of teleportation (0:0) {7} Tools b - a blessed plastic bag of holding containing 66 items {391} J - a blessed drum of earthquake (0:0) {25} M - a blessed lantern {30} R - the blessed Platinum Yendorian Express Card {6} k - a blessed skeleton key {3} s - a blessed stethoscope {4} B - a blessed towel {5} u - a blessed +0 unicorn horn {20} Gems/Stones v - a blessed luckstone {10} Contents of the plastic bag of holding: an uncursed gold amulet of life saving an uncursed amulet of magical breathing a +0 silver crossbow bolt the +0 Sting a blessed +6 silver short sword named DemonBrand the blessed rustproof +7 Vorpal Blade 4 uncursed food rations 2 uncursed fortune cookies 10 uncursed K-rations 5 uncursed lembas wafers an uncursed lizard corpse 13 blessed scrolls of blank paper 8 uncursed scrolls of blank paper a blessed scroll of charging an uncursed scroll of earth 7 blessed scrolls of identify 5 blessed scrolls of remove curse 2 uncursed scrolls of scare monster an uncursed scroll of teleportation 2 cursed scrolls of teleportation 7 blessed diluted potions of full healing 3 blessed potions of restore ability 2 indestructible potions of holy water 14 potions of holy water 2 potions of unholy water an uncursed ring of free action an uncursed ring of invisibility an uncursed ring of levitation an uncursed ring of regeneration an uncursed ring of slow digestion an uncursed ring of slow digestion an uncursed ring of stealth an uncursed ring of sustain ability an uncursed ring of teleport control an uncursed ring of teleport control a wand of cold (0:7) a wand of digging (0:7) a wand of digging (0:7) a wand of digging (0:6) a wand of digging (0:3) a wand of digging (0:1) a wand of fire (0:7) a wand of make invisible (0:5) a wand of polymorph (0:8) a wand of secret door detection (0:8) a wand of speed monster (0:6) a wand of striking (0:6) a wand of teleportation (0:6) a wand of teleportation (0:5) a wand of teleportation (0:3) a wand of wishing (0:1) a wand of wishing (0:1) an empty uncursed sack a can of grease (0:14) an expensive camera (0:52) a magic marker (1:24) an uncursed iron magic whistle a +0 wooden pick-axe 2 uncursed tallow candles a blessed mithril tinning kit (0:18) 4 uncursed amethyst stones 4 uncursed diamonds an uncursed dilithium crystal 3 uncursed emeralds 6 uncursed rubies an uncursed luckstone Mobileuser the Tourist's attributes: Background: You were a Journeyer, a level 21 male human Tourist. You were neutral, on a mission for The Lady who was opposed by Blind Io (lawful) and Offler (chaotic). You were heterosexual. You were in the endgame, on the Astral Plane. You entered the dungeon 45919 turns ago. You had 185749 experience points, 2251 more were needed for level 22. Your score was 1110612 before end-of-game adjustments. Basics: You had 297 out of 310 hit points. You had all 94 energy points (spell power). Your armor class was -36. Your wallet was empty. Autopickup was off. Final Characteristics: Your strength was 25 (base:18/32, innate limit:18/100). Your dexterity was 18 (limit:18). Your constitution was 18 (limit:18). Your intelligence was 16 (limit:18). Your wisdom was 17 (limit:18). Your charisma was 18 (limit:18). Final Status: You were not hungry. You were unencumbered. You were wielding two weapons at once. You were skilled in short sword and two weapons. Final Attributes: You were the Envoy of Balance. You were piously aligned. You were magic-protected. You were fire resistant. You were cold resistant. Your items were protected from cold. You were sleep resistant. You were disintegration-resistant. You were shock resistant. You were poison resistant. You were telepathic. You had automatic searching. You could jump. You had a moderate defense bonus (+9). You were protected. You took half spell damage. You were very fast. You had reflection. You had free action. Your life would have been saved. You were extremely lucky. You had extra luck. Good luck did not time out for you. You survived. Miscellaneous: You encountered 1 bones level. Total elapsed playing time was 1 day, 29 minutes and 34 seconds. Vanquished creatures: Asmodeus Baalzebub Orcus Juiblex the Wizard of Yendor (thrice) Pestilence (twice) Vlad the Impaler a high cleric a mastodon Medusa Croesus 20 krakens the Master of Thieves an Archon an iron golem 5 storm giants a balrog 5 purple worms a phoenix a gray dragon 2 gold dragons 9 silver dragons 2 red dragons 4 white dragons an orange dragon a black dragon 2 blue dragons 2 green dragons 3 yellow dragons 7 minotaurs 9 baluchitheria 6 Angels 2 stone golems an Olog-hai a master mind flayer 2 Nazgul 3 pit fiends a sandestin 6 hell hounds 5 titanotheres 5 trappers 2 baby yellow dragons 2 disenchanters 15 vampire leaders 6 shades 3 skeletons 14 aligned clerics 7 captains 4 liches a clay golem 5 nurses 3 ice devils 3 nalfeshnees 4 lurkers above an Aleax an ettin 2 golden nagas 12 black puddings 45 vampires 8 lieutenants 2 queen bees 2 winged gargoyles 3 giant mimics 3 orc-captains 3 long worms 7 zruties 6 fire giants 5 ogre tyrants 3 elven monarchs 2 ice trolls 6 rock trolls 2 umber hulks 2 doppelgangers 17 hezrous 9 bone devils 6 large mimics 5 wumpuses 6 fire vortices a baby purple worm a couatl 10 stalkers 3 air elementals 3 earth elementals 12 water elementals 8 hill giants a giant mummy 7 black nagas 8 elf-nobles 8 xorns 23 giant zombies 44 sergeants 8 barbed devils 9 vrocks 6 salamanders 9 wargs 3 winter wolves 3 hell hound pups 29 small mimics a glass piercer 2 warhorses 3 steam vortices 7 xans 2 ettin mummies 5 ogre leaders 4 trolls 5 quantum mechanics 2 sasquatches 2 wood golems 3 erinyes 6 mariliths 2 djinn 8 sharks 9 electric eels 6 gelatinous cubes 4 pyrolisks 2 large dogs 4 freezing spheres 5 flaming spheres 4 shocking spheres 2 large cats 10 tigers 4 gargoyles 6 tengu an ochre jelly 5 leocrottas an energy vortex 3 mountain centaurs 5 stone giants 4 elf mummies 2 human mummies a red naga a green slime 6 Grey-elves 6 pythons 2 pit vipers 3 cobras 71 wraiths 2 carnivorous apes 30 ettin zombies 2 leather golems 120 soldiers 5 watchmen 14 amorous demons 6 horned devils 6 chameleons 5 crocodiles 16 giant beetles 3 quivering blobs 20 cockatrices 17 wolves 4 winter wolf cubs 3 lynxes 3 panthers 31 gremlins 16 leprechauns 2 mountain nymphs 4 iron piercers 92 giant spiders 5 scorpions 5 horses 2 baby long worms 8 vampire bats 14 forest centaurs 5 gnome rulers 3 orc mummies 4 dwarf mummies 6 ogres 3 brown puddings 5 Green-elves 13 rust monsters 4 owlbears 6 yetis 2 gold golems 3 werewolves 13 piranha 25 giant eels 20 lizards 9 guides 7 chickatrices a dingo a dog 12 jaguars 3 dwarf leaders 3 blue jellies 6 water nymphs 2 white unicorns 2 black unicorns 3 dust vortices 4 ravens 9 plains centaurs a Kop Kaptain a gnome mummy 5 Woodland-elves 10 snakes 4 water moccasins 60 ghosts 7 apes 30 human zombies a rope golem 13 soldier ants 8 fire ants 2 imps 3 lemures 4 quasits a wood nymph 14 bugbears 9 Mordor orcs 2 Uruk-hai 2 orc shamans 9 rock piercers 6 rock moles 3 ponies 4 fog clouds 8 yellow lights 6 shriekers 2 violet fungi 3 black molds 17 gnome leaders 7 gnomish wizards 4 Kop Lieutenants 4 kobold mummies 3 black naga hatchlings 4 gray oozes 3 barrow wights 29 elf zombies 22 ghouls 8 jellyfish 18 giant ants a little dog 9 floating eyes 4 kittens 21 dwarves 5 homunculi a kobold leader 2 kobold shamans 16 hill orcs 14 rothes 4 rabid rats 7 centipedes 3 giant bats 3 monkeys 21 orc zombies 28 dwarf zombies a wererat 2 werejackals 10 iguanas 19 killer bees 5 acid blobs 2 coyotes 5 hobbits 17 manes 2 large kobolds 11 hobgoblins 5 giant rats 13 cave spiders 8 brown molds 7 yellow molds 10 green molds 3 red molds 61 gnomes 7 Keystone Kops 5 garter snakes 19 gnome zombies 15 geckos 10 jackals 3 kobolds 6 goblins 10 sewer rats 5 grid bugs 15 lichens 20 kobold zombies 13 newts 2160 creatures vanquished. Genocided or extinct species: shocking spheres liches demiliches master liches arch-liches disenchanters umber hulks quantum mechanics mind flayers genetic engineers master mind flayers soldiers (extinct) erinyes (extinct) jellyfish piranha sharks giant eels electric eels krakens 17 species genocided. 2 species extinct. Voluntary challenges: You read items or engraved 164 times. You genocided 17 types of monsters. You polymorphed 93 items. You never changed form. You used 6 wishes (1 for an artifact). You were celibate. You did not violate any of the special Sokoban rules. Achievements: You attained the rank of Sightseer. You entered a shop. You entered the Gnomish Mines. You entered Sokoban. You attained the rank of Excursionist. You entered Minetown. You entered a temple. You read from a Discworld novel. You completed Sokoban. You handled the Bell of Opening. You attained the rank of Peregrinator. You entered the Big Room. You attained the rank of Traveler. You handled the Bell of Opening. You attained the rank of Journeyer. You defeated Medusa. You entered Gehennom. You handled the Candelabrum of Invocation. You handled the Book of the Dead. You gained access to Moloch's Sanctum. You reached the Elemental Planes. You reached the Astral Plane. You delivered the Amulet of Yendor. You ascended! The Elemental Planes: Astral Plane: <- You are here. A temple to The Lady. Plane of Water: Plane of Fire: Plane of Air: Plane of Earth: The Dungeons of Doom: levels 1 to 25 Level 1: "clank" One way stairs up to The Elemental Planes. Level 2: "scroll shop" A scroll shop. Level 3: "altar, stash" An altar to The Lady. Level 4: "general store, mines" A general store, some fountains. Stairs down to The Gnomish Mines. Level 5: "Oracle" Many fountains. Oracle of Delphi. Level 6: "sokoban" A fountain. Stairs up to Sokoban, level 5. Level 7: A fountain. Level 8: A fountain. Level 9: A temple. Level 10: An armor shop, a fountain. Level 11: "LUDIOS" A fountain, a sink. Portal to Fort Ludios. Level 12: Some fountains. Portal to The Quest. Level 13: A general store, an altar. Level 14: Level 15: "Big Room" A very big room. Level 16: Many fountains, many graves. Level 17: Level 18: A fountain, many graves. Level 19: Level 20: An altar to The Lady. Level 21: A fountain. Level 22: "Medusa" Some fountains, many trees. Level 23: "temple" Some temples to The Lady. Level 24: Level 25: A fountain. The castle. Gehennom: levels 26 to 45 Level 26: A temple, many graves. Valley of the Dead. Level 27: Many graves. Level 28: "Asmodeus" Level 29: Level 30: Many graves. Level 31: A fountain. Level 32: Many graves. Level 33: Level 34: Many graves. Level 35: Many graves. Level 36: Many graves. Level 37: "Orcus" Some shops, an altar, many graves. Stairs up to Vlad's Tower, level 36. Level 38: "wizard" Level 39: Level 40: Level 41: An altar, a fountain. Level 42: "portal" Level 43: "fake tower" Level 44: "VS" Level 45: A temple, many graves. Moloch's Sanctum. The Gnomish Mines: levels 5 to 13 Level 5: "zoya's bones" A grave. Final resting place for zoya-Mon-Hum-Fem-Law, killed by a pony. Level 6: Level 7: Level 8: Many shops, a temple to The Lady, some fountains. Level 9: Level 10: Level 11: Level 12: Level 13: A fountain. The Quest: levels 1 to 5 Level 1: Many graves. Completed quest for Twoflower. Level 2: Level 3: Some shops, many graves. Level 4: Level 5: Some shops, many graves. Sokoban: levels 5 up to 2 Level 2: Solved. Level 3: Solved. Level 4: Solved. Level 5: Solved. Fort Ludios: Level 1: Fort Ludios. Vlad's Tower: levels 36 up to 33 Level 33: Level 34: Level 35: Level 36: Aloha mobileuser the Demigod... You went to your reward with 2326474 points, Frost Brand (worth 3000 zorkmids and 7500 points) Sting (worth 800 zorkmids and 2000 points) Vorpal Blade (worth 4000 zorkmids and 10000 points) Magicbane (worth 3500 zorkmids and 8750 points) Fire Brand (worth 3000 zorkmids and 7500 points) The Platinum Yendorian Express Card (worth 7000 zorkmids and 17500 points) 6 rubies (worth 21000 zorkmids), 4 diamonds (worth 16000 zorkmids), 4 amethyst stones (worth 2400 zorkmids), 3 emeralds (worth 7500 zorkmids), 1 dilithium crystal (worth 4500 zorkmids), 2 amulets of life saving (worth 300 zorkmids), 1 amulet of magical breathing (worth 150 zorkmids), 1 amulet of flying (worth 150 zorkmids), and 0 pieces of gold, after 45919 moves. You were level 21 with a maximum of 310 hit points when you ascended.